Map: Подводный мир РВ

Players

biz - Winner!

  • Race: Protoss Protoss
  • Spawn Location: 11:00

VOD

Have the link to the VOD?

Description

Time

  • Played on: July 30, 2020, 3:28 p.m.
  • Length: 10:15
Show
View Real Time Build Order
Export as new Build Order

biz Protoss - Winner!

Build Orders:  

Get SALT Encoding   

  12  0:04  Probe (Chrono Boost)  
  14  0:21  Probe (Chrono Boost)  
  14  0:38  Probe (Chrono Boost)  
  15  0:46  Pylon  
  15  1:17  Probe (Chrono Boost)  
  16  1:34  Probe (Chrono Boost)  
  17  2:00  Gateway  
  17  2:11  Pylon  
  18  2:20  Probe (Chrono Boost)  
  18  2:38  Probe (Chrono Boost)  
  19  2:51  Nexus  
  20  3:00  Probe (Chrono Boost)  
  20  3:12  Gateway  
  20  3:20  Gateway  
  21  3:32  Probe (Chrono Boost)  
  21  3:49  Probe (Chrono Boost)  
  22  4:06  Probe (Chrono Boost)  
  23  4:15  Zealot  
  25  4:29  Probe (Chrono Boost)  
  26  4:36  Probe (Chrono Boost)  
  27  4:46  Probe (Chrono Boost)  
  28  4:53  Probe (Chrono Boost)  
  29  5:13  Probe (Chrono Boost)  
  29  5:14  Probe (Chrono Boost)  
  29  5:15  Zealot x2  
  29  5:16  Zealot  
  37  5:30  Pylon  
  37  5:34  Pylon  
  37  5:42  Probe (Chrono Boost)  
  37  5:43  Probe (Chrono Boost)  
  39  5:53  Zealot x2  
  39  5:54  Zealot  
  39  5:59  Probe (Chrono Boost)  
  45  6:00  Probe (Chrono Boost)  
  47  6:31  Zealot x2  
  47  6:39  Zealot  
  53  7:04  Probe (Chrono Boost)  
  53  7:05  Probe (Chrono Boost)  
  53  7:08  Zealot (Chrono Boost)  
  57  7:11  Zealot x2 (Chrono Boost)  
  61  8:09  Nexus  
  61  9:07  Pylon  
  61  9:21  Zealot (Chrono Boost), Pylon  
  61  9:22  Probe (Chrono Boost)  
  61  9:24  Pylon  
  61  9:29  Probe (Chrono Boost)  
  62  9:32  Zealot x2  
Tags
 
Add a new tag
Caveats
  • Supply blocks, unpowered buildings, or Contaminate may cause inaccurate times.
  • Supply counts are checked every 10 seconds.